 Dungeon Crawl Stone Soup version 0.17-a0-1829-g68572c6 (webtiles) character file.

217 mrAntonBest the Changer (level 5, -20/33 HPs)
             Began as an Octopode Transmuter on Sept 13, 2015.
             Demolished by an ogre
             ... wielding a +0 giant club
              (25 damage)
             ... on level 4 of the Dungeon.
             The game lasted 00:27:14 (3456 turns).

mrAntonBest the Changer (Octopode Transmuter)       Turns: 3456, Time: 00:27:14

Health: -20/33     AC:  2    Str: 11    XL:     5   Next: 94%
Magic:  6/9        EV: 14    Int: 15    God:
Gold:   130        SH:  0    Dex: 17    Spells: 3 memorised, 2 levels left

rFire  . . .     SeeInvis .       - Unarmed
rCold  . . .     Clarity  .     (shield currently unavailable)
rNeg   . . .     SustAt   .     (helmet currently unavailable)
rPois  x         Gourm    .     (no amulet)
rElec  .         Spirit   .     (no ring)
rCorr  .         Warding  .     (no ring)
rMut   .         Stasis   .     (no ring)
MR     .....                    (no ring)
Stlth  ++........               (no ring)
                                (no ring)
                                (no ring)
                                (no ring)

@: spider-form, not resistant to hostile enchantments, unstealthy
A: almost no armour, amphibious, 8 rings, (constrict 8), (camouflage 0),
(gelatinous body 0)
a: End Transformation


You were on level 4 of the Dungeon.
You were not hungry.
You were a venomous arachnid creature.
You visited 1 branch of the dungeon, and saw 4 of its levels.

You collected 130 gold pieces.

Inventory:

Armour
 x - a +0 buckler (melded)
Magical devices
 s - a wand of digging (6)
Scrolls
 d - a scroll of teleportation {unknown}
 e - 2 scrolls of remove curse
 g - 2 scrolls of recharging
 j - a scroll of blinking {unknown}
 k - a scroll of random uselessness {unknown}
 t - 2 scrolls of enchant weapon {unknown}
 u - a scroll of fog {unknown}
 w - a scroll of immolation {unknown}
Potions
 f - a potion of might {unknown}
 h - 2 potions of heal wounds
 i - 2 potions of berserk rage {unknown}
 l - a potion of degeneration {unknown}
 m - a potion of poison {unknown}
 o - a potion of cure mutation {unknown}
 p - a potion of curing {unknown}
 r - a potion of haste
Books
 b - a book of Changes

   Spells                             Type                      Level
   a - Beastly Appendage              Transmutation                1
   b - Sticks to Snakes               Transmutation                2
   c - Spider Form                    Transmutation/Poison         3
   d - Ice Form                       Ice/Transmutation            4
   e - Blade Hands                    Transmutation                5
 v - a Fen Folio

   Spells                             Type                      Level
   a - Corpse Rot                     Necromancy                   2
   b - Stone Arrow                    Conjuration/Earth            3
   c - Leda's Liquefaction            Hexes/Earth                  4
   d - Summon Forest                  Summoning/Translocation      5
   e - Hydra Form                     Transmutation                6
   f - Summon Hydra                   Summoning                    7
Comestibles
 a - a beef jerky
 c - a bread ration
 n - 3 meat rations
 q - a chunk of flesh


   Skills:
 - Level 1.0 Fighting
 - Level 2.0 Dodging
 - Level 3.0 Unarmed Combat
 - Level 3.2 Spellcasting
 + Level 5.2 Transmutations


You had 2 spell levels left.
You knew the following spells:

 Your Spells              Type           Power        Failure   Level  Hunger
a - Beastly Appendage     Trmt           ###...       8%          1    #......
b - Spider Form           Trmt/Pois      ##........   45%         3    ###....
c - Ice Form              Ice/Trmt       ##......     91%         4    #####..


Dungeon Overview and Level Annotations

Branches:
Dungeon (4/15)
 Temple: D:4-7

Altars:
Dithmenos
Fedhas
Makhleb

Annotations:
D:3 exclusion: oklob plant


Innate Abilities, Weirdness & Mutations

You cannot wear most types of armour.
You are amphibious.
You can wear up to eight rings at the same time.
((You can use your tentacles to constrict eight enemies at once.))
((Your skin changes colour to match your surroundings (Stealth).))
((Your rubbery body absorbs attacks (AC +1).))


Message History

There is a stone staircase leading down here.
You climb downwards.
An ogre comes into view. It is wielding a giant club.
There is a stone staircase leading up here.
Casting: Beastly Appendage
Confirm with . or Enter, or press ? or * to list all spells.
You turn into a venomous arachnid creature.
Your +0 buckler melds into your body.
The ogre shouts!
You hit the ogre.
The ogre is lightly wounded.
The ogre hits you with a giant club!!
Ouch! That really hurt!
You bite the ogre!
The ogre is poisoned.
The ogre is moderately wounded.
The ogre hits you with a giant club!
* * * LOW HITPOINT WARNING * * *
The ogre hits you with a giant club!!
Ouch! That really hurt!
You die...

..# ..#
..### #....
.... # ..#
###.##O.#
#....s..#
#.......#
..........#
.##.....#.#
#.....#.#
###.###.#
.. # ...


You could see an ogre.

Vanquished Creatures
  A crimson imp (D:2)
  Terence (D:2)
  4 gnolls (D:3)
  A worker ant zombie (D:3)
  5 adders
  An ooze (D:2)
  2 giant geckos
  5 orcs (D:3)
  A ball python (D:3)
  2 giant cockroaches
  6 hobgoblins
  A jackal (D:1)
  2 quokkas
  6 bats
  4 giant newts
  7 goblins
  12 kobolds
  4 rats
65 creatures vanquished.

Vanquished Creatures (others)
  A fungus (D:3)
  17 toadstools (D:3)
18 creatures vanquished.

Grand Total: 83 creatures vanquished

Notes
Turn   | Place    | Note
--------------------------------------------------------------
     0 | D:1      | mrAntonBest the Octopode Transmuter began the quest for the Orb.
     0 | D:1      | Reached XP level 1. HP: 13/13 MP: 3/3
   355 | D:1      | Reached XP level 2. HP: 18/18 MP: 3/5
   989 | D:2      | Reached XP level 3. HP: 23/23 MP: 7/7
  1135 | D:2      | Learned a level 3 spell: Spider Form
  1255 | D:2      | Noticed Terence
  1258 | D:2      | Found a shadowy altar of Dithmenos.
  1270 | D:2      | Killed Terence
  1270 | D:2      | Reached XP level 4. HP: 19/28 MP: 8/8
  1660 | D:2      | Found a burning altar of Makhleb.
  1673 | D:2      | Reached skill level 4 in Transmutations
  1673 | D:2      | Reached XP level 5. HP: 11/33 MP: 9/9
  2549 | D:3      | Found a blossoming altar of Fedhas.
  2560 | D:3      | Noticed an oklob plant
  2626 | D:3      | Learned a level 4 spell: Ice Form
  2754 | D:3      | Reached skill level 5 in Transmutations
  3450 | D:4      | Noticed an ogre
  3456 | D:4      | Demolished by an ogre

Vault maps used:
D:1:      dpeg_arrival_rhombus, minivault_23, nrook_mini_backslash,
          minmay_misc_feat_alley
D:2:      makhleb_grotto_becter, hex_medium, grunt_dithmenos_smoke_and_mirrors,
          uniq_terence
D:3:      tgw_fedhas
D:4:      led_xom_imps, first_bread, uniq_edmund

Action                   |  1- 3 |  4- 6 || total
-------------------------+-------+-------++-------
Melee: Unarmed           |    78 |   106 ||   184
 Cast: Beastly Appendage |     9 |     8 ||    17
       Spider Form       |       |     2 ||     2
  Use: Scroll            |       |     4 ||     4
 Stab: Sleeping          |     8 |     5 ||    13
  Eat: Chunk             |     1 |     7 ||     8
